 Dungeon Crawl Stone Soup version 0.14-a0-586-g2535b90 (webtiles) character file.

382 Malachi the Ruffian (level 5, 0/41 HPs)
             Began as a Lava Orc Transmuter on Nov 4, 2013.
             Slain by a gnoll
             ... wielding a +0,+0 club
              (8 damage)
             ... on Level 3 of the Dungeon.
             The game lasted 00:06:51 (2994 turns).

Malachi the Ruffian (Lava Orc Transmuter)           Turns: 2994, Time: 00:06:52

HP   0/41        AC  4     Str 13      XL: 5   Next: 59%
MP   7/7         EV 12     Int 14      God:
Gold 168         SH  0     Dex 11      Spells:  3 memorised,  2 levels left

Res.Fire  : + + +   See Invis. : .     - Unarmed
Res.Cold  : x . .   Warding    : .   c - +0 orc robe
Life Prot.: . . .   Conserve   : .   (no shield)
Res.Poison: .       Res.Corr.  : .   (no helmet)
Res.Elec. : .       Clarity    : .   m - +0 cloak
Sust.Abil.: . .     Spirit.Shd : .   h - +0 pair of gloves
Res.Mut.  : .       Stasis     : .   (boots unavailable)
Res.Rott. : .       Flight     : .   (no amulet)
Saprovore : + . .                    (no ring)
                                     (no ring)

@: appendage, slightly resistant to hostile enchantments, unstealthy
A: talons 3, conserve scrolls, saprovore 1
a: End Transformation


You were on level 3 of the Dungeon.
You were hungry.
You had grown temporary talons.
You visited 1 branch of the dungeon, and saw 3 of its levels.

You collected 168 gold pieces.

Inventory:

Missiles
 b - 12 arrows
 f - 7 tomahawks (quivered)
 x - a throwing net
 C - 5 javelins
Armour
 c - a +0 orcish robe (worn)
 h - a +0 pair of gloves (worn)
 m - a +0 cloak (worn)
Magical devices
 k - a wand of flame (7)
 y - a wand of digging (14)
Comestibles
 a - 2 meat rations
 A - a bread ration
Scrolls
 g - a scroll of curse armour {unknown}
 i - a scroll of enchant weapon I {unknown}
 j - 3 scrolls of identify {unknown}
 n - a scroll of curse weapon {unknown}
 p - 2 scrolls of remove curse {unknown}
 q - a scroll of fog {unknown}
 r - 3 scrolls of teleportation {unknown}
 s - a scroll of random uselessness {unknown}
 t - a scroll of enchant armour {unknown}
 B - a scroll of amnesia {unknown}
Jewellery
 w - a +5,+5 ring of slaying {unknown}
Potions
 e - 2 potions of magic {unknown}
 l - 3 potions of curing {unknown}
 o - a potion of agility {unknown}
 u - a potion of flight {unknown}
 v - a potion of might {unknown}
 z - a potion of speed {unknown}
Books
 d - a book of Changes

   Spells                             Type                      Level
   *Beastly Appendage                 Transmutation                1
   *Sticks to Snakes                  Transmutation                2
   *Spider Form                       Transmutation/Poison         3
   Ice Form                           Ice/Transmutation            4
   Blade Hands                        Transmutation                5


   Skills:
 + Level 2.0 Fighting
 + Level 2.5 Dodging
 + Level 0.6 Stealth
 * Level 5.3 Unarmed Combat
 - Level 2.0 Spellcasting
 * Level 3.8 Transmutations


You had 2 spell levels left.
You knew the following spells:

 Your Spells              Type           Power        Failure   Level  Hunger
a - Beastly Appendage     Trmt           ##....       6%          1    ##.....
b - Sticks to Snakes      Trmt           ##........   10%         2    ###....
c - Spider Form           Trmt/Pois      #.........   38%         3    ####...


Dungeon Overview and Level Annotations

Branches:
Dungeon (3/27)

Altars:


Innate Abilities, Weirdness & Mutations

You have stony skin.
Your flesh is almost immune to the effects of heat.
Your fire spells are more powerful.
Your flesh is vulnerable to cold.
Your heat harms attackers.
You bathe your surroundings in blazing heat.
You are too hot to use scrolls.
You are very good at protecting items from fire.
You can tolerate rotten meat.
You have claws for feet.*


Message History

The gnoll hits you with a halberd. The gnoll is singed by your heat.
You kill the gnoll!
The worm is burned by your radiant heat.
The worm is severely wounded.
The worm bites you.
The worm appears unharmed.
The gnoll is burned by your radiant heat.
The gnoll is moderately wounded.
The gnoll hits you with a club!
* * * LOW HITPOINT WARNING * * *
The gnoll is singed by your heat.
The gnoll is heavily wounded.
You see here a halberd.
You are too injured to fight recklessly!
Unknown command.
You hit the gnoll but do no damage. You claw the gnoll.
The gnoll is heavily wounded.
The gnoll is burned by your radiant heat.
The gnoll is severely wounded.
The gnoll hits you with a club!
You die...

#....... . . #........
....##......... ....
.....##......... ...
......##......#######.##
#......##......#....<...#
##......##......#.........
.................#........#
...........@g........##.....
#..............).................
#...........##'#w................
...##....... #.#.................
...##.##...###.#..[.#.........###
...##.#....'..>...............'..
...##.#....##..#..#...........###
...##.#.....#..#..#....(......#
...##.#.#+#.#..#..#...........#


You could see a worm and a gnoll.

Vanquished Creatures
  An iguana (D:3)
  2 halflings (D:2)
  2 gnolls (D:3)
  2 adders
  An inept feature mimic (D:2)
  2 worms (D:3)
  5 giant geckos
  An ooze (D:2)
  An orc (D:3)
  5 bats
  3 giant cockroaches
  7 goblins
  6 hobgoblins
  6 jackals
  3 ball pythons
  7 giant newts
  21 kobolds
  8 rats
  A plant (D:2)
84 creatures vanquished.

Vanquished Creatures (others)
  A halfling (D:2)
1 creature vanquished.

Grand Total: 85 creatures vanquished

Notes
Turn   | Place    | Note
--------------------------------------------------------------
     0 | D:1      | Malachi, the Lava Orc Transmuter, began the quest for the Orb.
     0 | D:1      | Reached XP level 1. HP: 16/16 MP: 1/1
   189 | D:1      | Reached XP level 2. HP: 5/23 MP: 2/2
   498 | D:1      | Reached skill level 4 in Unarmed Combat
   774 | D:2      | Reached XP level 3. HP: 28/28 MP: 2/4
  1636 | D:2      | Reached XP level 4. HP: 30/35 MP: 5/5
  1854 | D:3      | Learned a level 2 spell: Sticks to Snakes
  1858 | D:3      | Learned a level 3 spell: Spider Form
  1886 | D:3      | Reached skill level 5 in Unarmed Combat
  2321 | D:3      | Reached XP level 5. HP: 38/41 MP: 7/7
  2404 | D:3      | HP: 2/41 [orc/orcish short sword of freezing (5)]
  2994 | D:3      | Slain by a gnoll

Action                   |  1- 3 |  4- 6 || total
-------------------------+-------+-------++-------
Melee: Unarmed           |   160 |   159 ||   319
 Cast: Beastly Appendage |    23 |    11 ||    34
Evoke: Wand              |       |     4 ||     4
 Stab: Distracted        |       |     2 ||     2
